 Dungeon Crawl Stone Soup version 0.16-a0-3215-g5dfac0e (webtiles) character file.

331 PolkaDot the Caller (level 6, -8/47 HPs)
             Began as a Vampire Summoner on Dec 20, 2014.
             Was an Initiate of Sif Muna.
             Mangled by Robin
             ... wielding a +0 mace
              (9 damage)
             ... on level 4 of the Dungeon.
             The game lasted 00:13:52 (4226 turns).

PolkaDot the Caller (Vampire Summoner)              Turns: 4226, Time: 00:13:53

Health: -8/47      AC:  4    Str:  7    XL:     6   Next: 26%
Magic:  4/10       EV: 12    Int: 19    God:    Sif Muna [......]
Gold:   181        SH:  0    Dex: 14    Spells: 3 memorised, 0 levels left

rFire  + . .     SeeInvis +     b - +0 trident (pierce)
rCold  + + .     Clarity  .     q - +2 robe {rC+ rF+}
rNeg   . . .     SustAb   .     (no shield)
rPois  .         Gourm    .     (no helmet)
rElec  .         Spirit   .     (no cloak)
rCorr  .         Warding  .     (no gloves)
rMut   .         Stasis   .     (no boots)
MR     .....                    (no amulet)
Stlth  +.........               n - ring of protection from cold
                                (no ring)

@: confused, regenerating very quickly, not resistant to hostile enchantments,
very unstealthy
A: bottle blood, fangs 3, see invisible, unbreathing
a: Renounce Religion


You were on level 4 of the Dungeon.
You worshipped Sif Muna.
Sif Muna was noncommittal.
You were almost alive.

You visited 1 branch of the dungeon, and saw 4 of its levels.

You collected 181 gold pieces.

Inventory:

Hand weapons
 b - a +0 trident of piercing (weapon)
Armour
 q - a +2 robe of resistance (worn)
Magical staves
 a - an uncursed staff of summoning
Jewellery
 n - a ring of protection from cold (right hand)
Magical devices
 p - a wand of disintegration (9)
Scrolls
 f - 4 scrolls of remove curse
 g - a scroll of fear {unknown}
 h - a scroll of blinking {unknown}
 i - a scroll of recharging {unknown}
 j - 2 scrolls of teleportation
 k - a scroll of random uselessness {unknown}
 m - a scroll of immolation {unknown}
Potions
 e - a potion of flight
 l - 3 potions of blood {@*1}
Books
 c - a book of Callings

   Spells                             Type                      Level
   a - Summon Small Mammal            Summoning                    1
   b - Call Imp                       Summoning                    2
   c - Call Canine Familiar           Summoning                    3
   d - Summon Guardian Golem          Hexes/Summoning              4
   e - Summon Lightning Spire         Summoning/Air                4
   f - Summon Ice Beast               Ice/Summoning                4


   Skills:
 + Level 3.5 Fighting
 - Level 2.1 Dodging
 - Level 3.0 Stealth
 - Level 2.0 Spellcasting
 + Level 6.3 Summonings
 * Level 0.4 Ice Magic


You couldn't memorise any spells.
You knew the following spells:

 Your Spells              Type           Power        Failure   Level  Hunger
d - Call Canine Familiar  Summ           ####....     4%          3    ###....
i - Summon Ice Beast      Ice/Summ       ##......     50%         4    #####..
s - Call Imp              Summ           ####....     1%          2    ###....


Dungeon Overview and Level Annotations

Branches:
Dungeon (4/15)
 Temple: D:4-7

Altars:
Gozag
Qazlal
Sif Muna

Annotations:
D:4 Robin


Innate Abilities, Weirdness & Mutations

Your natural rate of healing is extremely fast.
You can bottle blood from corpses.
You have razor-sharp teeth.
You have supernaturally acute eyesight.
You can survive without breathing.


Message History

Robin zaps a wand.
Your will is overpowered!
You are more confused.
Drink which item? (? for menu, Esc to quit)
Yummy - fresh blood!
Your crimson imp barely misses the crimson imp.
The crimson imp barely misses you. Robin hits you but does no damage.
Drink which item? (? for menu, Esc to quit)
Yummy - fresh blood!
Your crimson imp blinks!
Drink which item? (? for menu, Esc to quit)
Yummy - fresh blood!
Your crimson imp blinks!
Robin hits you with a mace.
* * * LOW HITPOINT WARNING * * *
The crimson imp blinks!
Drink which item? (? for menu, Esc to quit)
Yummy - fresh blood!
Your crimson imp blinks!
Robin hits you with a mace!
You die...

#.# #<# #.#
#.# #.# #.#
#.# ######.#
#..[@).#
#5.§g..#
####.)5...#
#!).)...#.#
+.)%)§..#.#
#.§....5#.#
#.####.#####.#
#....).......#
######)#######


You could see Robin, a crimson imp and 2 friendly crimson imps.

Vanquished Creatures
  The ghost of KaKa the Chiller, an average MfIE (D:3)
  2 orc priests (D:3)
  An orc wizard (D:3)
  Jessica (D:3)
  An adder (D:2)
  A giant mite (D:3)
  2 worms (D:3)
  6 orcs (D:3)
  6 bats
  2 giant cockroaches
  10 hobgoblins
  4 jackals (D:2)
  6 kobolds
  A ball python (D:1)
  2 giant geckos
  2 giant newts
  11 goblins
  9 rats
68 creatures vanquished.

Vanquished Creatures (collateral kills)
  An orc priest (D:3)
  A centaur skeleton (D:3)
  Terence (D:3)
  An adder (D:2)
  A worm (D:3)
  2 orcs (D:3)
  3 hobgoblins
  A bat (D:1)
  4 goblins (D:4)
  A rat (D:3)
16 creatures vanquished.

Vanquished Creatures (others)
  5 hounds
  2 white imps (D:3)
  A shadow imp (D:3)
  A bat (D:3)
  A quokka (D:3)
  2 rats
12 creatures vanquished.

Grand Total: 96 creatures vanquished

Notes
Turn   | Place    | Note
--------------------------------------------------------------
     0 | D:1      | PolkaDot, the Vampire Summoner, began the quest for the Orb.
     0 | D:1      | Reached XP level 1. HP: 13/13 MP: 3/3
   473 | D:1      | Reached skill level 1 in Fighting
   616 | D:1      | Reached XP level 2. HP: 16/21 MP: 4/4
   620 | D:1      | Learned a level 2 spell: Call Imp
  1166 | D:1      | HP: 1/22 [hobgoblin/club (5)]
  1474 | D:2      | Found a deep blue altar of Sif Muna.
  1537 | D:2      | Became a worshipper of Sif Muna the Loreminder
  1586 | D:2      | Reached XP level 3. HP: 12/27 MP: 3/6
  1674 | D:2      | Learned a level 3 spell: Call Canine Familiar
  1717 | D:2      | Found a stormy altar of Qazlal.
  2497 | D:3      | Reached XP level 4. HP: 32/34 MP: 7/7
  2499 | D:3      | Reached skill level 5 in Summonings
  2501 | D:3      | Noticed KaKa's ghost (average MfIE)
  2838 | D:3      | Reached XP level 5. HP: 21/40 MP: 5/9
  2922 | D:3      | Noticed Jessica
  2933 | D:3      | Found an opulent altar of Gozag.
  2944 | D:3      | Killed Jessica
  3117 | D:3      | Noticed Terence
  3149 | D:3      | Killed Terence
  4021 | D:3      | Killed KaKa's ghost
  4021 | D:3      | Reached skill level 6 in Summonings
  4021 | D:3      | Reached XP level 6. HP: 37/47 MP: 0/10
  4125 | D:3      | Learned a level 4 spell: Summon Ice Beast
  4191 | D:4      | Noticed Robin
  4225 | D:4      | HP: 1/47 [Robin/mace (4)]
  4226 | D:4      | Mangled by Robin

Action                   |  1- 3 |  4- 6 || total
-------------------------+-------+-------++-------
Melee: Dagger            |    84 |       ||    84
       Unarmed           |     8 |       ||     8
       Spear             |   114 |    67 ||   181
       Trident           |       |    72 ||    72
 Cast: Summon Small Mamm |    17 |     3 ||    20
       Call Imp          |     9 |    14 ||    23
       Call Canine Famil |       |     9 ||     9
Evoke: Wand              |       |     2 ||     2
  Use: Potion            |     1 |    11 ||    12
       Scroll            |     2 |     6 ||     8
 Stab: Sleeping          |     6 |     4 ||    10
  Eat: Corpse            |    16 |       ||    16
